 Dungeon Crawl Stone Soup version 0.28-a0-664-gc179e30c89 (webtiles) character file.

Game seed: 17576234035774164676

3252 bande the Cleaver (level 9, -10/57 HPs)
             Began as a Gargoyle Fighter on Oct 16, 2021.
             Was an Initiate of Okawaru.
             Mangled by Harold (19 damage)
             ... on level 7 of the Dungeon.
             The game lasted 00:19:59 (6600 turns).

bande the Cleaver (Gargoyle Fighter)                Turns: 6600, Time: 00:19:59

Health: -10/57     AC: 20    Str: 21    XL:     9   Next: 99%
Magic:  8/8        EV:  6    Int:  9    God:    Okawaru [......]
Gold:   255        SH:  5    Dex: 11    Spells: 8/8 levels left

rFire   . . .      SeeInvis .   a - +1 war axe (elec)
rCold   . . .      Faith    .   c - +0 buckler
rNeg    + . .      Spirit   .   e - +0 plate armour
rPois   ∞          Reflect  .   i - +0 helmet
rElec   +          Harm     .   (no cloak)
rCorr   .          Rampage  .   (no gloves)
Will    +....                   (no boots)
Stlth   ..........              (no amulet)
HPRegen 0.19/turn               m - ring of willpower
MPRegen 0.11/turn               (no ring)

@: marked
A: sickness immunity, AC +6, negative energy resistance 1, electricity
resistance, torment resistance 1, petrification resistance, low mp 1
a: Renounce Religion


You were on level 7 of the Dungeon.
You worshipped Okawaru.
Okawaru was noncommittal.
You visited 2 branches of the dungeon, and saw 8 of its levels.
You also visited: Sewer.

You collected 255 gold pieces.

Inventory:

Hand Weapons
 a - a +1 war axe of electrocution (weapon)
Armour
 c - a +0 buckler (worn)
 e - a +0 plate armour (worn)
 f - a +1 troll leather armour
 i - a +0 helmet (worn)
Jewellery
 m - a ring of willpower (left hand)
Wands
 p - a wand of flame (35)
 r - a wand of acid (5)
 s - a wand of polymorph (9)
 u - a wand of paralysis (8)
Scrolls
 b - a scroll of magic mapping
 j - 2 scrolls of teleportation
 l - 2 scrolls of enchant armour
 n - 2 scrolls of fog
 o - 2 scrolls of identify
Potions
 d - 2 potions of might
 g - 3 potions of brilliance
 h - a potion of resistance
 k - 2 potions of heal wounds
 q - 5 potions of curing
 t - a potion of flight


   Skills:
 + Level 7.1 Fighting
 + Level 9.5 Axes
 + Level 6.6 Armour
 + Level 5.6 Shields
 * Level 2.0 Evocations


You had 8 spell levels left.
You didn't know any spells.
Your spell library contained the following spells:

 Spells                   Type           Power      Damage    Failure   Level
 Magic Dart               Conj           0%         1d3       100%        1
 Pain                     Necr           0%         1d4       100%        1
 Sting                    Tmut/Pois      0%         1d3       100%        1
 Passwall                 Tmut/Erth      0%         N/A       100%        2
 Poisonous Vapours        Pois/Air       0%         N/A       100%        2
 Searing Ray              Conj           0%         2d4       100%        2
 Slow                     Hex            0%         N/A       100%        2
 Confusing Touch          Hex            0%         N/A       100%        3
 Inner Flame              Hex/Fire       0%         N/A       100%        3
 Swiftness                Air            0%         N/A       100%        3
 Vampiric Draining        Necr           0%         2d6       100%        3
 Cause Fear               Hex            0%         N/A       100%        4
 Fulminant Prism          Conj/Hex       0%         3d6       100%        4
 Olgreb's Toxic Radiance  Pois           0%         N/A       100%        4
 Alistair's Intoxication  Tmut/Pois      0%         N/A       100%        5
 Borgnjor's Vile Clutch   Necr/Erth      0%         N/A       100%        5
 Eringya's Noxious Bog    Tmut/Pois      0%         N/A       100%        6
 Invisibility             Hex            0%         N/A       100%        6
 Discord                  Hex            0%         N/A       100%        8
 Animate Skeleton         Necr           Unusable   N/A       N/A         1

Dungeon Overview and Level Annotations

Branches:
Dungeon (7/15)             Temple (1/1) D:7           Sewer (visited)

Altars:
Ashenzari
Cheibriados
Dithmenos
Elyvilon
Fedhas
Gozag
Hepliaklqana
Kikubaaqudgha
Makhleb
Okawaru
Qazlal
Ru
Sif Muna
Trog
Uskayaw
Vehumet
Wu Jian
Xom
Yredelemnul
Zin
The Shining One

Shops:
D:5 *

Annotations:
D:7 Harold


Innate Abilities, Weirdness & Mutations

You are immune to sickness and miasma.
Your stone body is resilient. (AC +6)
You are immune to poison.
You resist negative energy. (rN+)
You are resistant to electric shocks. (rElec)
You are resistant to unholy torment.
You are immune to petrification.
Your magical capacity is low. (-10% MP)


Message History

A sentinel's mark forms upon you.
You see here a book of the Senses.
You slash the bullfrog!
The bullfrog is heavily wounded.
The bullfrog barely misses you. The bullfrog hits you!
You closely miss the bullfrog.
The bullfrog is heavily wounded.
The bullfrog barely misses you.
You hit the bullfrog.
The bullfrog is severely wounded.
The bullfrog hits you but does no damage.
Harold says, "My wife will appreciate not having to wash blood out of my clothes anymore."
Harold throws a throwing net.
The throwing net hits you.
You become entangled in the net!
The bullfrog hits you but does no damage.
You tear a large gash into the net.
The bullfrog hits you but does no damage.
Harold thinks, and says "Perhaps I'll take up carpentry after I'm done here..."
Unknown command.
You struggle against the net.
The bullfrog hits you but does no damage.
The bullfrog barely misses you.
Harold hits you from afar with a +0 glaive!
Unknown command.
You struggle against the net.
The bullfrog completely misses you.
Harold considers, "I think I'll use your bounty to get a fishing boat..."
Harold hits you from afar with a +0 glaive!!
* * * LOW HITPOINT WARNING * * *
You struggle against the net.
The bullfrog hits you but does no damage. x2
Harold hits you from afar with a +0 glaive!
* * * LOW HITPOINT WARNING * * *
Unknown command.
You shred the net and break free! You block the bullfrog's attack.
Harold closely misses you.
You barely miss the bullfrog.
The bullfrog is severely wounded.
The bullfrog hits you but does no damage. x2
Harold hits you from afar with a +0 glaive!!
You die...

.. #....#.
##....))....... ...
.........
.#.....)........
.....
.##......#.....#
....#.#..#...####..##
#....... ##...##.....
.###......
##...##.... ......@..
+#..#..... .......F##
##....... .......@.##
+#...#....
....#..#..##
##..#####.. .
#.##...###..## #..
...#.....#..## ###
..#..........# #
#..##....#...## #.
#....##### # ###.##
###


You could see Harold and a bullfrog.

Vanquished Creatures
  A hornet (D:6)
  Menkaure (D:7)
  2 steam dragons (D:6)
  A water moccasin (D:6)
  2 sky beasts
  2 ice beasts
  An orc warrior (D:6)
  Purgy (Sewer)
  A necrophage (D:7)
  4 centaurs
  4 ogres
  3 phantoms
  6 scorpions
  A wyvern skeleton (D:7)
  A howler monkey (D:5)
  A bullfrog zombie (D:6)
  A jelly (D:6)
  A gnoll shaman (D:4)
  3 hounds
  2 orc priests (D:6)
  2 iguanas
  Natasha (thrice) (D:2)
  3 orc wizards
  A hound zombie (D:5)
  Robin (D:2)
  3 gnolls (D:2)
  5 adders
  A white imp (D:5)
  2 adder skeletons (D:4)
  A worm (D:2)
  7 dart slugs
  11 orcs
  5 bats
  7 endoplasms
  10 giant cockroaches
  17 goblins
  7 hobgoblins
  6 quokkas
  8 ball pythons
  4 frilled lizards
  7 kobolds
  2 rats
152 creatures vanquished.

Vanquished Creatures (others)
  4 fungi (D:6)
  A plant (Temple)
5 creatures vanquished.

Grand Total: 157 creatures vanquished

Notes
Turn   | Place    | Note
-------+----------+-------------------------------------------
     0 | D:1      | bande the Gargoyle Fighter began the quest for the Orb.
     0 | D:1      | Reached XP level 1. HP: 14/14 MP: 1/1
   186 | D:1      | Reached XP level 2. HP: 11/19 MP: 2/2
   285 | D:1      | Reached skill level 2 in Axes
   568 | D:1      | Reached XP level 3. HP: 23/23 MP: 3/3
   820 | D:2      | Found a faded altar of an unknown god.
   840 | D:2      | Noticed Natasha
   846 | D:2      | Killed Natasha
   847 | D:2      | Reached XP level 4. HP: 29/29 MP: 4/4
   939 | D:2      | Reached skill level 3 in Axes
   957 | D:2      | Noticed Robin
   966 | D:2      | Killed Robin
  1149 | D:2      | Found a blossoming altar of Fedhas.
  1170 | D:2      | Reached XP level 5. HP: 23/33 MP: 5/5
  1271 | D:2      | Noticed Natasha
  1282 | D:2      | Killed Natasha
  1631 | D:2      | Noticed Natasha
  1643 | D:2      | Killed Natasha
  1644 | D:2      | Reached skill level 4 in Axes
  1760 | D:3      | Noticed a phantom
  1771 | D:3      | Killed a phantom
  1772 | D:3      | Reached XP level 6. HP: 38/38 MP: 6/6
  2028 | D:3      | Found a glowing drain.
  2053 | Sewer    | Entered a sewer
  2183 | Sewer    | Noticed Purgy
  2187 | Sewer    | Killed Purgy
  2188 | Sewer    | Reached skill level 5 in Axes
  2188 | Sewer    | Reached XP level 7. HP: 44/44 MP: 7/7
  3285 | D:5      | Entered Level 5 of the Dungeon
  3289 | D:5      | Gained mutation: Your magical capacity is low. (-10% MP)
                  | [potion of mutation]
  3610 | D:5      | Found Puytoegot's Lightly-Used Armoury.
  3630 | D:5      | Reached skill level 6 in Axes
  3652 | D:5      | Reached skill level 5 in Fighting
  3656 | D:5      | Reached XP level 8. HP: 30/49 MP: 7/7
  4111 | D:4      | Reached skill level 5 in Shields
  4275 | D:4      | Reached skill level 7 in Axes
  4373 | D:5      | Reached skill level 5 in Armour
  4800 | D:6      | Noticed a hornet
  4809 | D:6      | Reached skill level 8 in Axes
  4809 | D:6      | Reached XP level 9. HP: 16/55 MP: 8/8
  5673 | D:6      | Killed a hornet
  5674 | D:6      | Reached skill level 9 in Axes
  5719 | D:6      | Reached skill level 1 in Evocations
  6086 | D:7      | Noticed Menkaure
  6095 | D:7      | Killed Menkaure
  6332 | D:7      | Found a staircase to the Ecumenical Temple.
  6341 | Temple   | Entered the Ecumenical Temple
  6452 | Temple   | Became a worshipper of Warmaster Okawaru
  6590 | D:7      | Noticed Harold
  6600 | D:7      | Mangled by Harold

Illustrated notes

Levels and vault maps discovered:
D:1:      dpeg_arrival_simpleton_b, layout_loops_ring, minmay_small_reverse_x
D:2:      kennysheep_big_flooded_room, layout_loops_corners, basic_altar,
          shapermc_ecumenical_altar_venn, nrook_mini_vaults, uniq_natasha,
          uniq_robin
D:3:      layout_rooms, gup_sewer_entry_glass
D:4:      layout_gridville, minmay_misc_feat_secret_circle
D:5:      minmay_bubble_buster, layout_basic, minmay_shop_damaged
D:6:      kennysheep_steamy, layout_basic, columned_hall_lemuel,
          minmay_liquid_box, st_stairs_11
D:7:      layout_cave_pools, nemelex_diamond_rough_becter,
          lemuel_temple_firewalk_a, uniq_menkaure, uniq_harold
Temple:   kilobyte_greek_temple

Skill      XL: |  1  2  3  4  5  6  7  8  9 |
---------------+----------------------------+-----
Axes           | 2 3 4 5 6 8 9 |  9.5
Fighting       | 4 5 6 7 |  7.1
Armour         | 4 5 6 |  6.6
Shields        | 4 5 |  5.6
Evocations     | 2 |  2.0

Action                   |  1- 3 |  4- 6 |  7- 9 || total
-------------------------+-------+-------+-------++-------
Melee: War axe           |    84 |   144 |   255 ||   483
  Use: Scroll            |     3 |     8 |     5 ||    16
       Potion            |       |       |     5 ||     5
Armor: Scale mail        |    13 |       |       ||    13
       Troll leather arm |    28 |    70 |    19 ||   117
       Plate armour      |       |       |   197 ||   197
Dodge: Dodged            |    65 |   112 |    90 ||   267
Block: Buckler           |    16 |    52 |    52 ||   120

Table legend: (Time is in decaauts)
 A = Elapsed time spent in this place.
 B = Non-inter-level travel time spent in this place.
 C = Inter-level travel time spent in this place.
 D = Time resting spent in this place.
 E = Time spent auto-exploring this place.
 F = Levels seen in this place.
 G = Mean time per level.
                   A        B        C        D        E       F      G
               +--------+--------+--------+--------+--------+-----+--------+
         Total |   6725 |   6630 |     95 |    968 |   4112 |   9 |  747.2 |
       Dungeon |   6400 |   6305 |     95 |    968 |   3907 |   7 |  914.3 |
        Temple |    165 |    165 |      0 |      0 |     95 |   1 |  165.0 |
         Sewer |    159 |    159 |      0 |      0 |    110 |   1 |  159.0 |
               +--------+--------+--------+--------+--------+-----+--------+

Top non-repeatable levels by time:
     D:4: 1491 daAuts
     D:6: 1308 daAuts
     D:5: 967 daAuts
     D:2: 962 daAuts
     D:1: 783 daAuts
     D:3: 537 daAuts
     D:7: 348 daAuts
  Temple: 165 daAuts
   Sewer: 159 daAuts
